 Dungeon Crawl Stone Soup version 0.18.1-48-g4cf74bf (webtiles) character file.

228 KingGeedorah the Changer (level 5, 0/40 HPs)
             Began as a Draconian Transmuter on July 22, 2016.
             Slain by a giant gecko (2 damage)
             ... on level 4 of the Dungeon.
             The game lasted 00:07:58 (4158 turns).

KingGeedorah the Changer (Draconian Transmuter)     Turns: 4158, Time: 00:07:59

Health: 0/40       AC:  5    Str: 13    XL:     5   Next: 71%
Magic:  8/8        EV: 12    Int: 13    God:
Gold:   170        SH:  0    Dex: 12    Spells: 3 memorised, 2 levels left

rFire  . . .     SeeInvis .       - Unarmed
rCold  . . .     Gourm    .     (armour unavailable)
rNeg   . . .     Faith    .     (no shield)
rPois  .         Spirit   .     (helmet restricted)
rElec  .         Dismiss  .     (no cloak)
rCorr  .         Reflect  .     (no gloves)
SustAt .         Harm     .     (no boots)
MR     .....                    (no amulet)
Stlth  +.........               (no ring)
                                (no ring)

@: slowed, drained, very slow, not resistant to hostile enchantments, very
unstealthy
A: unfitting armour, cold-blooded, AC +5
a: no special abilities


You were on level 4 of the Dungeon.
You were not hungry.

You visited 1 branch of the dungeon, and saw 4 of its levels.
You also visited: Ossuary.

You collected 170 gold pieces.

Inventory:

Missiles
 a - 93 arrows
Jewellery
 k - an uncursed ring of ice
Wands
 t - a wand of confusion (6/48)
Scrolls
 h - 3 scrolls of remove curse
 n - a scroll of enchant armour {unknown}
 q - a scroll of identify
 r - a scroll of amnesia {unknown}
Potions
 e - 4 potions of haste {unknown}
 f - a potion of mutation {unknown}
 g - 7 potions of curing {unknown}
 i - 2 potions of lignification {unknown}
 j - 3 potions of agility {unknown}
 m - 3 potions of berserk rage {unknown}
 o - a potion of flight {unknown}
 s - a potion of brilliance {unknown}
Books
 b - a book of Changes

   Spells                             Type                      Level
   a - Beastly Appendage              Transmutation                1
   b - Sticks to Snakes               Transmutation                2
   c - Spider Form                    Transmutation/Poison         3
   d - Ice Form                       Ice/Transmutation            4
   e - Blade Hands                    Transmutation                5
Comestibles
 c - 3 bread rations
 d - 2 beef jerkies
 p - 2 meat rations


   Skills:
 - Level 1.1(0.8) Fighting
 - Level 1.7(1.4) Dodging
 - Level 3.0(2.7) Unarmed Combat
 - Level 2.0(1.7) Spellcasting
 + Level 6.0(5.7) Transmutations


You had 2 spell levels left.
You knew the following spells:

 Your Spells              Type           Power        Failure   Level  Hunger
a - Beastly Appendage     Trmt           ###...       2%          1    ##.....
b - Sticks to Snakes      Trmt           ###.....     4%          2    ###....
c - Spider Form           Trmt/Pois      #.........   28%         3    ####...


Dungeon Overview and Level Annotations

Branches:
Dungeon (4/15)
 Temple: D:4-7

Altars:
Cheibriados
Elyvilon
Makhleb
Yredelemnul
The Shining One

Annotations:
D:4 Eustachio


Innate Abilities, Weirdness & Mutations

Your plain brown scales are hard (AC +5).
Your body does not fit into most forms of armour.
You are cold-blooded and may be slowed by cold attacks.


Message History

The ball python bites you but does no damage.
The ball python closely misses you. The quokka skeleton barely misses you.
The giant gecko barely misses you.
There is a collapsed entrance here.
Read which item? (? for menu, Esc to quit)
As you read the scroll of fog, it crumbles to dust.
The scroll dissolves into smoke.
The ball python bites you but does no damage.
The ball python closely misses you. The quokka skeleton closely misses you.
The giant gecko bites you but does no damage.
The wraith hits you.
* * * LOW HITPOINT WARNING * * *
The ball python bites you but does no damage.
The ball python closely misses you. The giant gecko barely misses you.
The ball python completely misses you. The ball python barely misses you.
The wraith hits you!
* * * LOW HITPOINT WARNING * * *
The wraith drains your vigour!
You feel yourself slow down. The giant gecko bites you.
You die...

*,,,,,**,* *,###...#....<
*,******,* *,............ *,*
*,***** *,###...#..... *,*
*,,,,,** *,* ##.###...# *,*
*,**,,,*###,## #.* ##.## *,*
*,,,,,,,.....#*#@***#.# *,*
*,,,#####.#..,,,..,,..## *,*
*,*,#§W§#.#.##.###.##... *,*
*,*,+§Z@+.........Z...#*
**,*****#,,,#@lS#.#.##..#####Z#
*,,,,,,,....##§##.#.#.#.# #.#
*,,******#.....[.....##.# #)##
*,,,,,,,,#.###......###.# #.Z.
*,******,*,* ######.# #.# ####
*,* *,*,* #.# #.# *,******,*,*
#.# #.# *,**,,,,,*,*
#.###.########


You could see Eustachio, a wraith, a giant gecko, a ball python and a quokka
skeleton.

Vanquished Creatures
  A wight (Ossuary)
  Terence (D:2)
  A hound zombie (D:3)
  3 adders
  3 oozes
  2 adder zombies (Ossuary)
  3 worms
  2 dart slugs
  4 giant geckos
  6 orcs (D:3)
  A ball python (D:3)
  4 giant cockroaches
  5 goblins
  6 hobgoblins
  2 jackals (D:3)
  9 kobolds
  2 quokkas (D:4)
  8 bats
  9 giant newts
  3 hobgoblin skeletons (Ossuary)
  A hobgoblin zombie (Ossuary)
  A kobold zombie (Ossuary)
  2 orc skeletons (Ossuary)
  6 rats
85 creatures vanquished.

Notes
Turn   | Place    | Note
--------------------------------------------------------------
     0 | D:1      | KingGeedorah the Draconian Transmuter began the quest for the Orb.
     0 | D:1      | Reached XP level 1. HP: 16/16 MP: 3/3
   194 | D:1      | Reached XP level 2. HP: 19/23 MP: 5/5
   391 | D:1      | Learned a level 2 spell: Sticks to Snakes
   716 | D:1      | Reached skill level 3 in Transmutations
  1338 | D:1      | Reached XP level 3. HP: 23/28 MP: 6/6
  1853 | D:2      | Found a basalt altar of Yredelemnul.
  1935 | D:2      | Noticed Terence
  1961 | D:2      | Killed Terence
  1961 | D:2      | Reached skill level 4 in Transmutations
  1961 | D:2      | Reached XP level 4. HP: 19/35 MP: 7/7
  2108 | D:2      | Learned a level 3 spell: Spider Form
  2465 | D:2      | Found a glowing golden altar of the Shining One.
  2666 | D:2      | Noticed an angel
  2901 | D:3      | Reached skill level 5 in Transmutations
  3051 | D:3      | Found a burning altar of Makhleb.
  3051 | D:3      | Noticed a blizzard demon
  3054 | D:3      | Noticed a neqoxec
  3054 | D:3      | Noticed a neqoxec
  3091 | D:3      | Reached XP level 5. HP: 16/40 MP: 4/8
  3373 | D:3      | Found a snail-covered altar of Cheibriados.
  3824 | D:4      | Found a white marble altar of Elyvilon.
  3841 | D:4      | Noticed Eustachio
  3879 | D:4      | Found a sand-covered staircase.
  3884 | Ossuary  | Entered an ossuary
  4014 | Ossuary  | Noticed a wraith
  4014 | Ossuary  | Noticed a flying skull
  4020 | Ossuary  | Noticed a flying skull
  4021 | Ossuary  | Noticed a flying skull
  4046 | Ossuary  | Noticed a flying skull
  4066 | Ossuary  | Reached skill level 6 in Transmutations
  4107 | Ossuary  | Noticed a wraith
  4158 | D:4      | HP: 2/40 [wraith (8)]
  4158 | D:4      | Slain by a giant gecko

Skill      XL: |  1  2  3  4  5 |
---------------+----------------+-----
Transmutations | 3 4 5 6 |  6.0
Fighting       | |  1.1
Dodging        | |  1.7
Unarmed Combat | |  3.0
Spellcasting   | |  2.0

Action                   |  1- 3 |  4- 6 || total
-------------------------+-------+-------++-------
Melee: Unarmed           |   139 |   278 ||   417
       Tailslap          |    19 |    28 ||    47
       Kick              |     1 |       ||     1
       Headbutt          |     7 |       ||     7
       Punch             |       |     1 ||     1
 Cast: Beastly Appendage |     2 |       ||     2
       Spider Form       |       |     7 ||     7
  Use: Scroll            |       |     9 ||     9
 Stab: Sleeping          |       |     3 ||     3
  Eat: Chunk             |     3 |     7 ||    10
       Bread ration      |       |     1 ||     1
Armor: Skin              |    33 |    75 ||   108
Dodge: Dodged            |    73 |   173 ||   246
